AoeStats
← 白鹿城拉车车

MegaRandom

507455546Analyzed
4v4 RM · 13d ago on Sep 18, 2026· 27m 21s· 8 players
Game mode
Random Map
Map size
Large (8 player)
Population
200
Speed
Normal
Resources
Standard
Victory
Conquest
Starting age
Dark Age
Ending age
Imperial Age
RankedLock teamsTeams togetherTeam positionsShared explorationLock speedFull tech treeHidden civsTurbo modeCheats
Victory
Defeat
🇭🇰 Portuguese · Hong Kong SAR China
1371
+13
🇨🇳 Mapuche · China
1371
+13
🇭🇰 Poles · Hong Kong SAR China
1336
+14
🇨🇳 Chinese · China
1307
+16
🇵🇹 Spanish · Portugal
1304
-14
🇹🇷 Poles · Türkiye
1303
-14
🇨🇳 Persians · China
1296
-14
🇹🇷 Aztecs · Türkiye
1293
-14
lok914
0:42 Loom
11:03 Feudal Age
18:35 Castle Age
17:05 Horse Collar
17:13 Double-Bit Axe
18:29 Stone Mining
jardan1234
0:40 Loom
8:55 Feudal Age
9:30 Horse Collar
9:39 Double-Bit Axe
16:31 Castle Age
20:44 Redemption
24:26 Bow Saw
24:42 Sanctity
白鹿城拉车车
0:32 Loom
9:23 Feudal Age
13:32 Castle Age
12:23 Double-Bit Axe
13:07 Horse Collar
15:21 Bow Saw
18:36 Fletching
20:26 Bodkin Arrow
21:57 Padded Archer Armor
22:55 Leather Archer Armor
巨大的问号
0:31 Loom
9:06 Feudal Age
13:15 Castle Age
12:14 Stone Mining
12:51 Double-Bit Axe
22:33 Fletching
25:18 Bodkin Arrow
Günyüzü
6:35 Loom
8:29 Feudal Age
10:05 Double-Bit Axe
20:22 Castle Age
22:17 Town Watch
26:02 Horse Collar
Fatih
3:38 Loom
8:29 Feudal Age
9:11 Double-Bit Axe
12:02 Arson
14:16 Fletching
14:59 Scale Mail Armor
18:03 Forging
Massarock
10:05 Feudal Age
11:16 Loom
14:17 Castle Age
14:09 Double-Bit Axe
14:05 Horse Collar
19:20 Padded Archer Armor
长相犯罪
8:28 Feudal Age
9:12 Loom
12:39 Double-Bit Axe
12:36 Horse Collar
14:18 Bloodlines
15:08 Forging
19:28 Castle Age
18:01 Scale Barding Armor
19:20 Wheelbarrow
19:59 Heavy Plow
20:10 Bow Saw
20:22 Chain Barding Armor
20:07 Gold Mining
22:18 Husbandry
Connection lost

Rejoining the realm…

Still unreachable

The connection could not be restored.

Session expired

The server has moved on; the page needs a fresh start.